Map: Oxide LE

Players

Massa - Winner!

  • Race: Terran Terran
  • League: Platinum
  • Spawn Location: 1:00

Todestrotzer

  • Race: Terran Terran
  • League: Platinum
  • Spawn Location: 7:00

VOD

Have the link to the VOD?

Description

Time

  • Played on: Feb. 23, 2021, 1:55 p.m.
  • Length: 7:38
Show
View Real Time Build Order
Export as new Build Order

Massa Terran - Winner!

Build Orders: Reaper Expand 

Get SALT Encoding   

  12  0:00  SCV  
  13  0:12  SCV  
  14  0:20  Supply Depot  
  14  0:24  SCV  
  15  0:41  SCV  
  16  0:44  Barracks  
  16  0:51  Refinery  
  16  0:53  SCV  
  17  1:05  SCV  
  18  1:18  SCV  
  19  1:34  Command Center  
  19  1:37  Reaper  
  20  1:44  Orbital Command  
  20  2:02  Supply Depot  
  20  2:11  SCV  
  21  2:23  Factory  
  21  2:35  SCV  
  22  2:39  Barracks Reactor  
  22  2:40  Refinery  
  22  2:46  Orbital Command  
  22  2:47  SCV  
  23  3:13  SCV  
  23  3:15  SCV  
  25  3:24  Barracks Tech Lab  
  25  3:25  Starport  
  25  3:26  SCV  
  26  3:27  SCV, Supply Depot  
  26  3:29  Engineering Bay  
  27  3:35  Supply Depot  
  27  3:36  Barracks, Supply Depot  
  27  3:40  Hellion x2  
  31  3:48  Marine  
  31  3:51  SCV x2  
  34  3:56  Barracks  
  34  4:03  SCV x2, Hellion x2  
  40  4:14  Barracks Tech Lab  
  40  4:17  Missile Turret  
  38  4:25  Hellion x2  
  38  4:28  Missile Turret  
  38  4:29  Barracks Reactor  
  38  4:31  Terran Infantry Weapons Level 1  
  42  4:32  Raven  
  42  4:34  Marine  
  45  4:52  Marine  
  50  4:53  Widow Mine x2  
  50  4:58  Barracks Tech Lab  
  50  5:01  Refinery  
  50  5:02  Refinery  
  50  5:07  Marine x2, Missile Turret  
  50  5:10  Marine  
  51  5:21  Raven  
  51  5:25  Marine x2  
  56  5:32  Marine  
  56  5:35  Stimpack  
  56  5:42  Marine  
  56  5:43  Marine x3  
  60  5:51  Marauder  
  60  5:52  Siege Tank  
  60  5:53  SCV  
  60  5:54  SCV  
  67  5:59  Missile Turret  
  67  6:00  Marine x3  
  70  6:07  Supply Depot  
  70  6:10  Supply Depot  
  70  6:28  SCV x2, Marine x5  
  70  6:32  Siege Tank  
  80  6:40  SCV  
  80  6:46  Marauder, Marine  
Show
View Real Time Build Order
Export as new Build Order

Todestrotzer Terran 

Build Orders: Reaper Expand 

Get SALT Encoding   

  12  0:00  SCV  
  13  0:14  Supply Depot  
  13  0:19  SCV  
  14  0:31  SCV  
  15  0:39  Barracks  
  15  0:43  Refinery  
  15  0:46  SCV  
  16  0:58  SCV  
  17  1:10  SCV  
  18  1:25  Orbital Command  
  18  1:27  Reaper  
  19  1:51  SCV  
  20  1:56  Command Center  
  20  2:04  Factory  
  20  2:10  Marine  
  20  2:13  Supply Depot  
  20  2:14  SCV  
  22  2:20  Refinery  
  22  2:26  SCV  
  22  2:29  Marine  
  23  2:40  SCV  
  24  2:47  Marine  
  24  2:51  Hellion  
  27  3:05  Marine  
  27  3:11  SCV  
  27  3:17  Hellion  
  29  3:20  Starport  
  29  3:23  Barracks  
  29  3:30  Orbital Command  
  29  3:34  Barracks Reactor  
  29  3:40  Factory Tech Lab  
  29  3:51  Refinery  
  29  3:56  SCV x2  
  29  3:58  Viking  
  33  4:07  Refinery  
  33  4:08  SCV  
  33  4:09  SCV  
  35  4:26  Barracks Tech Lab, Engineering Bay  
  35  4:28  Cyclone  
  38  4:32  SCV  
  38  4:33  SCV  
  40  4:44  SCV, Marine x2  
  40  4:45  SCV  
  44  4:48  Stimpack  
  44  5:02  SCV x2  
  44  5:05  Marine  
  46  5:13  Medivac  
  46  5:14  Marauder  
  46  5:21  Missile Turret  
  46  5:25  Terran Infantry Weapons Level 1, Missile Turret  
  46  5:32  Supply Depot x2  
  46  5:53  Marine x2  
  46  5:54  SCV x2, Missile Turret, Siege Tank  
  46  5:56  Marauder  
  55  6:00  Supply Depot  
  55  6:03  Supply Depot  
  55  6:06  SCV x2  
  57  6:17  Factory  
  57  6:18  SCV x2, Armory  
  59  6:19  Marauder, Marine  
  59  6:21  Marine  
  63  6:30  SCV x2  
  56  6:42  SCV x2, Missile Turret  
  56  6:43  Missile Turret  
  56  6:47  Marauder, Marine x2  
  58  6:48  Siege Tank  
  62  6:54  SCV  
  34  7:12  Marauder, Bunker, Marine x2  
Tags
 
Add a new tag
Caveats
  • Supply blocks, unpowered buildings, or Contaminate may cause inaccurate times.
  • Supply counts are checked every 10 seconds.